 Dungeon Sprint DCSS version 0.30-a0-718-geaa24f58ff (webtiles) character file.

Game seed: 3036903301646655679

1100000 CrazyBamboolord the Magician (level 1, -22/18 HPs)
             Began as a Djinni Warper on Jan 25, 2023.
             Was an Initiate of Makhleb.
             Annihilated by a meat berserker
             ... wielding a +9 battleaxe
              (40 damage)
             ... in the Dungeon (Sprint VIII: "Arena of Blood").
             The game lasted 00:00:42 (11 turns).

CrazyBamboolord the Magician (Djinni Warper)          Turns: 11, Time: 00:00:42

Health: -22/18     AC:  3    Str: 10    XL:     1   Next: 0%
Gold:   0          EV: 11    Int: 14    God:    Makhleb [......] SH:  0 Dex: 12

rFire   + + .      SeeInvis .    i - +∞ Axe of Woe
rCold   x . .      Faith    .    (shield currently unavailable)
rNeg    . . .      Spirit   .    a - +0 leather armour
rPois   ∞          Reflect  .    (no helmet)
rElec   .          Harm     .    (no cloak)
rCorr   .          Rampage  .    (no gloves)
Will    .....      NoTele   +    (boots unavailable)
Stlth   +                        (no amulet)
HPRegen 0.23/turn                (no ring)
MPRegen 0.00/turn                (no ring)

@: flying
A: sickness immunity, fire resistance 2, cold vulnerability 1, float, innate
caster, HP casting, extra vitality 1
a: Renounce Religion


You were in the Dungeon.
You worshipped Makhleb.
Makhleb was noncommittal.
You visited 1 branch

Inventory:

Hand Weapons
 i - the +∞ Axe of Woe (weapon)
   (You found it in the Dungeon)
Missiles
 c - 7 boomerangs of dispersal (quivered)
Armour
 a - a +0 leather armour (worn)
Scrolls
 b - 2 scrolls of blinking
Potions
 d - a potion of curing
 e - a potion of heal wounds
 f - a potion of haste
 g - 2 potions of magic
 h - a potion of berserk rage


   Skills:
 * Level 2.0 Fighting
 * Level 0.7 Throwing
 - Level 1.0 Armour
 - Level 2.1 Dodging
 - Level 2.0 Unarmed Combat
 * Level 2.4 Spellcasting


You couldn't memorise any spells.
You knew the following spells:

 Your Spells              Type           Power      Damage    Failure   Level
a - Blink                 Tloc           16%        N/A       17%         2
b - Lesser Beckoning      Tloc           16%        N/A       17%         2
c - Vhi's Electric Charg  Tloc/Air       16%        N/A       34%         3
d - Teleport Other        Tloc           8%         N/A       34%         3
e - Manifold Assault      Tloc           8%         N/A       75%         4
Your spell library was empty.

Dungeon Overview and Level Annotations

Branches:
Dungeon (1/1)

Altars:
Makhleb


Innate Abilities, Weirdness & Mutations

You are immune to sickness and miasma.
You are immune to poison.
Your flesh is very heat resistant. (rF++)
You are vulnerable to cold. (rC-)
You float through the air rather than walking.
You learn spells naturally, not from books.
Your magical power is your life essence.
You have superior vitality. (+4 MHP)


Message History

Found the +∞ Axe of Woe.
Found four burning altars of Makhleb.
Found a staircase leading out of the dungeon.
You begin with the following spells memorised: Blink, Lesser Beckoning, Vhi's Electric Charge, Teleport Other, Manifold Assault.
i - the +∞ Axe of Woe You hear a shout!
You hear a shout! x7
There is a burning altar of Makhleb here.
You hover solemnly before the altar of Makhleb.
Makhleb welcomes you!
You hear a shout! x7
A bag of meat comes into view. It is wielding a +9 war axe.
i - the +∞ Axe of Woe (weapon)
The bag of meat shouts!
You hear a shout! x4
You hear a shout! x7
A bag of meat and a meat berserker come into view.
The meat berserker shouts!
You hear a shout! x3
The meat berserker rages.
You hear a shout! x4
You hear a shout! x6
A meat berserker comes into view. It is wielding a +9 battleaxe.
You hear a shout! x4
A bag of meat comes into view. It is wielding a +9 war axe.
You hear a shout! x6 2 bags of meat come into view.
The bag of meat shouts! x3; You hear a shout! x9
A bag of meat comes into view. It is wielding a +9 war axe. x2
A bag of meat comes into view. It is wielding a +9 war axe.
The bag of meat shouts!
A meat berserker comes into view. It is wielding a +9 battleaxe.
You hear a shout! x4
A bag of meat comes into view. It is wielding a +9 war axe. x2
You hear a shout! x4
A meat berserker comes into view. It is wielding a +9 battleaxe.
You hit the bag of meat.
You fatally mangle the bag of meat.
You kill the bag of meat!
Makhleb accepts your kill.
You hear a shout! x6
The meat berserker hits you with a +9 battleaxe!!!
Ouch! That really hurt!
You die...

#oo.#.. .......
.....#. .........
....... .........
.oO.... .........
#..o... #....o..#
O..#... #.......#
#......###.......###.
..o....O....###......
....#..@O...._......
. #....)..#.....#.
..........#_.<._#
..#.......#.....#
....#........_......
...........o###......
.......###..o ..###.
....... #.... ..#
#... .#


You could see 4 meat berserkers and 6 bags of meat.

Vanquished Creatures
  An orc (D)
1 creature vanquished.

Notes
Turn   | Place    | Note
-------+----------+-------------------------------------------
     0 | D        | Found the +∞ Axe of Woe
     0 | D        | CrazyBamboolord the Djinni Warper began the quest for the
                  | Orb.
     0 | D        | CrazyBamboolord set off with the following spells
                  | memorised: Blink, Lesser Beckoning, Vhi's Electric Charge,
                  | Teleport Other, Manifold Assault.
     0 | D        | Reached XP level 1. HP: 18/18 MP: 0/0
     3 | D        | Became a worshipper of Makhleb the Destroyer
     3 | D        | Noticed a bag of meat
     6 | D        | Noticed a bag of meat
     6 | D        | Noticed a meat berserker
     8 | D        | Noticed a meat berserker
     8 | D        | Noticed a bag of meat
     9 | D        | Noticed a bag of meat
     9 | D        | Noticed a bag of meat
     9 | D        | Noticed a bag of meat
     9 | D        | Noticed a bag of meat
    10 | D        | Noticed a bag of meat
    10 | D        | Noticed a meat berserker
    10 | D        | Noticed a bag of meat
    10 | D        | Noticed a bag of meat
    10 | D        | Noticed a meat berserker
    11 | D        | Killed a bag of meat
    11 | D        | Annihilated by a meat berserker

Illustrated notes

Levels and vault maps discovered:
D:        meatsprint

Action                     || total
---------------------------++-------
  Melee: Executioner's axe ||     1

Table legend: (Time is in decaauts)
 A = Elapsed time spent in this place.
 B = Non-inter-level travel time spent in this place.
 C = Inter-level travel time spent in this place.
 D = Time resting spent in this place.
 E = Time spent auto-exploring this place.
 F = Levels seen in this place.
 G = Mean time per level.
                   A        B        C        D        E       F      G
               +--------+--------+--------+--------+--------+-----+--------+
         Total |     10 |     10 |      0 |      0 |      0 |   1 |   10.0 |
       Dungeon |     10 |     10 |      0 |      0 |      0 |   1 |   10.0 |
               +--------+--------+--------+--------+--------+-----+--------+

Top non-repeatable levels by time:
       D: 10 daAuts
